 Dungeon Crawl Stone Soup version 0.22-a0-305-gd21a89c (webtiles) character file.

6 Amnesiac the Conjurer (level 1, 0/13 HPs)
             Began as a Mummy Conjurer on Mar 31, 2018.
             Slain by a rat (1 damage)
             ... on level 1 of the Dungeon.
             The game lasted 00:00:14 (91 turns).

Amnesiac the Conjurer (Mummy Conjurer)                Turns: 91, Time: 00:00:15

Health: 0/13       AC:  2    Str: 11    XL:     1   Next: 75%
Magic:  0/4        EV: 12    Int: 14    God:
Gold:   6          SH:  0    Dex: 12    Spells: 5/6 levels left

rFire    x . .     SeeInvis .   (no weapon)
rCold    + . .     Gourm    .   (no shield)
rNeg     + + +     Faith    .   a - +0 robe
rPois    ∞         Spirit   .   (no helmet)
rElec    .         Reflect  .   (no cloak)
rCorr    .         Harm     .   (no gloves)
MR       .....                  (no boots)
Stlth    ++........             (no amulet)
HPRegen  0.04/turn              (no ring)
MPRegen  0.09/turn              (no ring)

@: no status effects
A: no food or potions, fire vulnerability, cold resistance 1, negative energy
resistance 3, torment resistance, unbreathing
a: no special abilities


You were on level 1 of the Dungeon.
You were not hungry.

You visited 1 branch of the dungeon, and saw 1 of its levels.

You collected 6 gold pieces.

Inventory:

Armour
 a - a +0 robe (worn)


   Skills:
 - Level 1.5 Dodging
 - Level 1.5 Stealth
 + Level 3.3 Spellcasting
 * Level 3.3 Conjurations


You had 5 spell levels left.
You knew the following spells:

 Your Spells              Type           Power        Failure   Level  Hunger
a - Magic Dart            Conj           ##..         5%          1    N/A

Dungeon Overview and Level Annotations

Branches:
Dungeon (1/15)

Altars:


Innate Abilities, Weirdness & Mutations

You do not eat or drink.
Your flesh is vulnerable to fire.
You are immune to poison.
Your flesh is cold resistant. (rC+)
You are immune to negative energy. (rN+++)
You are immune to unholy pain and torment.
You can survive without breathing.


Message History

The frilled lizard closely misses you. The rat closely misses you.
Casting: Magic Dart (safe; 5% risk of failure)
Confirm with . or Enter, or press ? or * to list all spells.
You don't have enough magic to cast that spell.
Casting: Magic Dart (safe; 5% risk of failure)
Confirm with . or Enter, or press ? or * to list all spells.
You don't have enough magic to cast that spell.
The bat closely misses you. The bat hits you.
* * * LOW HITPOINT WARNING * * *
You hit the frilled lizard.
You kill the frilled lizard!
The bat hits you.
* * * LOW HITPOINT WARNING * * *
The rat misses you.
Casting: Magic Dart (safe; 5% risk of failure)
Confirm with . or Enter, or press ? or * to list all spells.
You don't have enough magic to cast that spell.
The bat hits you.
* * * LOW HITPOINT WARNING * * *
You hit the rat but do no damage. The bat barely misses you. The rat bites you.
* * * LOW HITPOINT WARNING * * *
Casting: Magic Dart (safe; 5% risk of failure)
Confirm with . or Enter, or press ? or * to list all spells.
You don't have enough magic to cast that spell.
Casting: Magic Dart (safe; 5% risk of failure)
Confirm with . or Enter, or press ? or * to list all spells.
You don't have enough magic to cast that spell.
The bat barely misses you.
You hit the rat.
The rat is moderately wounded.
The bat barely misses you. The rat barely misses you. x2
Casting: Magic Dart (safe; 5% risk of failure)
Confirm with . or Enter, or press ? or * to list all spells.
You don't have enough magic to cast that spell.
The bat closely misses you.
You hit the rat.
You kill the rat!
Training target 3.2 for Spellcasting reached!
You need to enable at least one skill for training.
The bat hits you.
* * * LOW HITPOINT WARNING * * *
The rat bites you but does no damage. The bat hits you.
* * * LOW HITPOINT WARNING * * *
The bat hits you but does no damage. The bat hits you but does no damage.
The bat barely misses you. The bat barely misses you. The bat misses you.
The bat hits you but does no damage. The bat barely misses you.
The bat hits you but does no damage.
Casting: Magic Dart (safe; 5% risk of failure)
Confirm with . or Enter, or press ? or * to list all spells.
Aiming: Magic Dart (safe; 5% risk of failure)
Press: ? - help, Shift-Dir - straight line, f/p - bat
Aim: a bat (moderately wounded)
The magic dart hits the bat.
You kill the bat!
You hit the rat.
The rat is severely wounded.
The rat bites you but does no damage.
You barely miss the rat.
The rat is severely wounded.
The rat bites you.
You die...

.... ...............#
...............#
...............#
...........[...#
..!..#........#
#...........##
###............###
.....†.........r@#
################## ####
..#.#..####...##...##..#
#(.#..#.##.##.## #(...#
#..#####...###.## ###.<#
#.#.##..#### #..###....#
..###.### #.#.#.##..#
###.##.# #.##..######
##..## ..# ####


You could see a rat.

Vanquished Creatures
  A bat (D:1)
  2 goblins (D:1)
  A frilled lizard (D:1)
  2 rats (D:1)
6 creatures vanquished.

Notes
Turn   | Place    | Note
-------+----------+-------------------------------------------
     0 | D:1      | Amnesiac the Mummy Conjurer began the quest for the Orb.
     0 | D:1      | Reached XP level 1. HP: 13/13 MP: 4/4
    91 | D:1      | Slain by a rat

Vault maps used:
D:1:      dpeg_arrival_signposts, minmay_surrounded

Skill      XL: |  1 |
---------------+----+-----
Spellcasting   | 3 |  3.3
Dodging        | |  1.5
Stealth        | |  1.5
Conjurations   | |  3.3

Action                   || total
-------------------------++-------
Melee: Unarmed           ||    11
 Cast: Magic Dart        ||     8
Armor: Robe              ||    13
Dodge: Dodged            ||    31

Table legend:
 A = Spawn XP
 B = Non-spawn XP
 C = Spawn XP percentage of total XP
 D = Spawn monster count
 E = Non-spawn monster count
 F = Spawn count percentage of total count
 G = Total turns spent on level
                    A         B        C        D         E        F      G
               +---------+---------+-------+---------+---------+-------+---------
         Total |       0 |       9 |   0.0 |       0 |       6 |   0.0 |    91
               +---------+---------+-------+---------+---------+-------+---------
           D:1 |       0 |       9 |   0.0 |       0 |       6 |   0.0 |    91
               +---------+---------+-------+---------+---------+-------+---------
